 Dungeon Crawl Stone Soup version 0.30.0-20-g3615ddf2f0 (webtiles) character file.

Game seed: 15382030496574269456

13583 qw the Cleaver (level 12, -1/76 HPs)
             Began as a Gargoyle Fighter on June 1, 2023.
             Was an Elder of Okawaru.
             Slain by a death knight
             ... wielding a +0 great sword
              (4 damage)
             ... on level 9 of the Dungeon.
             The game lasted 00:05:26 (8964 turns).

qw the Cleaver (Gargoyle Fighter)                   Turns: 8964, Time: 00:05:27

Health: -1/76      AC: 42    Str: 28    XL:     12   Next: 7%
Magic:  17/18      EV: 10    Int:  9    God:    Okawaru [****..]
Gold:   634        SH:  6    Dex:  9    Spells: 11/11 levels left

rFire   . . .        x - +0 demon whip
rCold   + + .        c - +0 buckler
rNeg    + . .        b - +3 plate armour "Tefonnuck" {rPois rC+ Str+3}
rPois   inf          g - +2 helmet
rElec   +            h - +1 cloak
rCorr   .            v - +2 pair of gloves
SInv    .            k - +3 pair of mountain boots {steadfast, rC+}
Will    .....        (no amulet) Stlth
                     (no ring)
HPRegen 0.32/turn    (no ring)
MPRegen 0.16/turn

%: no passive effects
@: heroic
A: sickness immunity, AC +8, negative energy resistance 1, electricity
resistance, torment resistance 1, petrification resistance
a: Renounce Religion, Heroism, Finesse


You were on level 9 of the Dungeon.
You worshipped Okawaru.
Okawaru was greatly pleased with you.
You visited 2 branches of the dungeon, and saw 10 of its levels.

You collected 634 gold pieces.


Innate Abilities, Weirdness & Mutations

You are immune to sickness and miasma.
Your stone body is resilient. (AC +8)
You are immune to poison.
You resist negative energy. (rN+)
You are resistant to electric shocks. (rElec)
You are resistant to unholy torment.
You are immune to petrification.


   Skills:
 - Level 9.0(14.0) Fighting
 + Level 11.9(16.9) Axes
 - Level 1.1(6.1) Throwing
 - Level 9.0(14.0) Armour
 - Level 2.0(7.0) Dodging
 - Level 5.1(10.1) Shields
 + Level 8.9 Invocations


You had 11 spell levels left.
You didn't know any spells.
Your spell library was empty.

Inventory:

Hand Weapons
 x - a +0 demon whip (weapon)
 Y - a +2 war axe of draining
Armour
 b - the +3 plate armour "Tefonnuck" (worn) {rPois rC+ Str+3}
   (You found it on level 5 of the Dungeon)

   Str:       It affects your strength (+3).
   rC:        It protects you from cold.
   rPois:     It protects you from poison.
 c - a +0 buckler (worn)
 g - a +2 helmet (worn)
 h - a +1 cloak (worn)
 k - the +3 pair of mountain boots (worn) {steadfast, rC+}
   (You acquired it on level 8 of the Dungeon)

   Steadfast: It prevents involuntary movement, except for blinking,
   teleportation, or banishment.
   rC:        It protects you from cold.
 v - a +2 pair of gloves (worn)
Jewellery
 f - a ring of positive energy
 m - an amulet of magic regeneration
 u - the ring of Ogicehi {Ice rPois Int+3}
   (You found it on level 8 of the Dungeon)

   [ring of ice]

   It enhances your ice magic.
   Int:       It affects your intelligence (+3).
   rF:        It makes you vulnerable to fire.
   rC:        It protects you from cold.
   rPois:     It protects you from poison.
Scrolls
 i - 2 scrolls of immolation {unknown}
 r - 2 scrolls of identify
Potions
 a - a potion of cancellation
 d - 5 potions of might
 e - 2 potions of lignification
 j - a potion of haste
 l - a potion of curing {unknown}
 o - a potion of attraction
 p - 2 potions of magic {unknown}
 s - a potion of resistance {unknown}
 w - a potion of mutation {unknown}

Dungeon Overview and Level Annotations

Branches:
Dungeon (9/15)             Temple (1/1) D:4            Lair (0/5) D:9
    Orc (0/2) D:9

Altars:
Ashenzari
Cheibriados
Dithmenos
Elyvilon
Fedhas
Gozag
Hepliaklqana
Kikubaaqudgha
Makhleb
Nemelex Xobeh
Okawaru
Qazlal
Ru
Sif Muna
Trog
Uskayaw
Vehumet
Wu Jian
Xom
Yredelemnul
Zin
The Shining One

Shops:
D:4 [


Message History

You block the five-headed hydra's attack.
The five-headed hydra bites you but does no damage. x3
You hit the death knight.
The death knight is lightly wounded.
The death knight reflects your damage back at you!
The death knight hits you but does no damage.
The gnoll hits you but does no damage.
You whack the death knight!
The death knight is moderately wounded.
The death knight reflects your damage back at you!
The five-headed hydra barely misses you.
The five-headed hydra closely misses you.
The five-headed hydra bites you.
You block the five-headed hydra's attack.
The five-headed hydra misses you.
You hit the death knight but do no damage.
The death knight is moderately wounded.
The gnoll hits you but does no damage.
The death knight hits you but does no damage.
You whack the death knight!
The death knight is heavily wounded.
The death knight reflects your damage back at you!
The five-headed hydra barely misses you.
The five-headed hydra bites you but does no damage.
The five-headed hydra barely misses you.
The five-headed hydra bites you but does no damage. x2
You barely miss the death knight.
The death knight is heavily wounded.
The death knight's dark mirror aura disappears.
The death knight hits you but does no damage.
You block the gnoll's attack.
You closely miss the death knight.
The death knight is heavily wounded.
The five-headed hydra bites you but does no damage.
The five-headed hydra bites you! The five-headed hydra bites you.
The five-headed hydra bites you but does no damage. x2
You hit the death knight.
The death knight is heavily wounded.
The death knight hits you with a +0 great sword.
You die...

#...### ###.. #+### ####
...) ##### #/.. ....##
#...# ###... .....?
##...## #)....
[.....####.....####.....
#......##..}..##(.....#
#:...pD#.......#...../#
#...@#.).....#....###
#).g)'.......#....###
#########'##########.
#.)..........
#############


You could see a death knight (drained), a five-headed hydra and a gnoll.

Vanquished Creatures
  A centaur warrior (D:9)
  A boulder beetle (D:9)
  A two-headed ogre (D:8)
  A deep elf archer (D:9)
  A manticore (D:9)
  Joseph (D:8)
  A yaktaur (D:9)
  A rime drake (D:9)
  2 trolls
  Prince Ribbit (D:8)
  3 hornets (D:9)
  A shadow (D:9)
  A wraith (D:9)
  A hog (shapeshifter) (D:9)
  19 yaks (D:9)
  A vampire (D:9)
  A wyvern (D:7)
  Edmund (D:3)
  A water moccasin (D:7)
  3 orc warriors
  4 ice beasts (D:9)
  2 black bears
  4 wolves (D:9)
  7 centaurs
  2 ogres (D:7)
  2 phantoms (D:9)
  A kobold brigand (D:9)
  3 bullfrogs
  2 gnoll sergeants (D:9)
  2 scorpions (D:5)
  9 wights
  17 killer bees
  2 troll zombies (D:9)
  2 howler monkeys (D:9)
  3 centaur zombies (D:6)
  A bullfrog zombie (D:6)
  4 hounds
  3 jellies
  A gnoll bouda (D:7)
  3 orc priests
  An iron imp (D:3)
  A sleepcap (D:6)
  6 iguanas
  8 orc wizards
  A killer bee zombie (D:6)
  6 ogre zombies (D:9)
  2 howler monkey zombies (D:6)
  11 gnolls
  9 adders
  3 white imps
  2 ufetubi
  2 worms (D:2)
  6 dart slugs
  26 orcs
  6 bats
  11 endoplasms
  5 giant cockroaches
  9 goblins
  7 hobgoblins
  A quokka (D:5)
  7 ball pythons
  2 frilled lizards
  2 goblin skeletons (D:9)
  2 goblin zombies (D:9)
  4 hobgoblin zombies (D:9)
  4 kobolds
  4 orc skeletons (D:9)
  12 orc zombies (D:9)
  4 rats
281 creatures vanquished.

Notes
Turn   | Place    | Note
-------+----------+-------------------------------------------
     0 | D:1      | qw the Gargoyle Fighter began the quest for the Orb.
     0 | D:1      | Reached XP level 1. HP: 14/14 MP: 1/1
     0 | D:1      | 0 ||| qw: Version: 0.2-a-102-gdf20003
     0 | D:1      | 0 ||| qw: Game counter: 691
     0 | D:1      | 0 ||| qw: Always use a shield: true
     0 | D:1      | 0 ||| qw: God list: Okawaru
     0 | D:1      | 0 ||| qw: Allow faded altars: false
     0 | D:1      | 0 ||| qw: Do Orc after D:15 true
     0 | D:1      | 0 ||| qw: Do second Lair branch before Depths: true
     0 | D:1      | 0 ||| qw: Lair rune preference: random
     0 | D:1      | 0 ||| qw: Plans: Normal, Zot:1-4, Slime:5, God:TSO, Crypt,
                  | Tomb, Pan, Hells, Abyss, Win
     0 | D:1      | 0 ||| PLANNING D:1-11
    60 | D:1      | Reached skill level 2 in Axes
   141 | D:1      | Reached XP level 2. HP: 19/19 MP: 2/2
   293 | D:1      | 293 ||| Stepping ~*~*~tactically~*~*~ (hiding).
   298 | D:1      | Reached skill level 3 in Axes
   416 | D:1      | Reached XP level 3. HP: 23/23 MP: 3/3
   718 | D:1      | 718 ||| UPGRADING to +0 cloak.
   723 | D:1      | 723 ||| READING scroll labelled FYLOTA CALOED.
   724 | D:1      | 724 ||| READING scroll labelled JAILUT GIHITU.
   818 | D:2      | 818 ||| DROPPING +0 club.
  1005 | D:2      | Reached XP level 4. HP: 28/28 MP: 4/4
  1138 | D:2      | Reached skill level 4 in Axes
  1144 | D:2      | Reached XP level 5. HP: 17/32 MP: 5/5
  1208 | D:2      | 1208 ||| DROPPING +0 whip.
  1401 | D:2      | 1401 ||| Stepping ~*~*~tactically~*~*~ (hiding).
  1593 | D:2      | 1593 ||| UPGRADING to +2 pair of boots.
  1598 | D:2      | 1598 ||| UPGRADING to +0 chain mail.
  1608 | D:2      | 1608 ||| DROPPING +0 scale mail.
  1609 | D:2      | 1609 ||| READING scroll labelled JOUSSE DUTTEA.
  1610 | D:2      | 1610 ||| READING 2 scrolls labelled MULEGO LIEQICK.
  1614 | D:2      | 1614 ||| DRINKING 2 fuming clear potions.
  1638 | D:3      | Reached skill level 5 in Axes
  1646 | D:3      | 1646 ||| STAIRDANCE
  1731 | D:3      | 1731 ||| Stepping ~*~*~tactically~*~*~ (stealth).
  1816 | D:3      | Reached XP level 6. HP: 34/38 MP: 6/6
  1819 | D:3      | 1819 ||| Stepping ~*~*~tactically~*~*~ (stealth).
  1820 | D:3      | 1820 ||| Stepping ~*~*~tactically~*~*~ (stealth).
  1821 | D:3      | 1821 ||| Stepping ~*~*~tactically~*~*~ (stealth).
  1826 | D:3      | 1826 ||| Stepping ~*~*~tactically~*~*~ (stealth).
  1953 | D:3      | Found an opulent altar of Gozag.
  2152 | D:3      | Found a snail-covered altar of Cheibriados.
  2159 | D:3      | 2159 ||| READING 2 scrolls labelled EVVIOX HUEGIYH.
  2160 | D:3      | 2160 ||| READING scroll labelled VICONG JOSKAPH.
  2161 | D:3      | 2161 ||| DROPPING scroll of magic mapping.
  2219 | D:4      | Noticed Edmund
  2225 | D:4      | HP: 4/38 [Edmund/+4 dire flail of protection (9)]
  2226 | D:4      | 2226 ||| READING 2 scrolls of teleportation.
  2227 | D:4      | 2227 ||| DRINKING potion of heal wounds.
  2365 | D:4      | HP: 8/38 [Edmund/+4 dire flail of protection (10)]
  2366 | D:4      | 2366 ||| READING scroll of teleportation.
  2368 | D:4      | HP: 3/38 [Edmund/+4 dire flail of protection (6)]
  2370 | D:4      | 2370 ||| FLEEEEING.
  2371 | D:4      | 2371 ||| FLEEEEING.
  2372 | D:4      | 2372 ||| FLEEEEING.
  2373 | D:4      | 2373 ||| FLEEEEING.
  2374 | D:4      | 2374 ||| FLEEEEING.
  2375 | D:4      | 2375 ||| FLEEEEING.
  2376 | D:4      | 2376 ||| FLEEEEING.
  2377 | D:4      | 2377 ||| FLEEEEING.
  2378 | D:4      | 2378 ||| FLEEEEING.
  2379 | D:4      | 2379 ||| FLEEEEING.
  2380 | D:4      | 2380 ||| FLEEEEING.
  2381 | D:4      | 2381 ||| FLEEEEING.
  2382 | D:4      | 2382 ||| FLEEEEING.
  2383 | D:4      | 2383 ||| FLEEEEING.
  2384 | D:4      | 2384 ||| FLEEEEING.
  2385 | D:4      | 2385 ||| FLEEEEING.
  2387 | D:4      | 2387 ||| FLEEEEING.
  2388 | D:4      | 2388 ||| FLEEEEING.
  2389 | D:4      | 2389 ||| STAIRDANCE
  2510 | D:4      | 2510 ||| STAIRDANCE
  2516 | D:3      | HP: 5/38 [Edmund/+4 dire flail of protection (14)]
  2517 | D:3      | Killed Edmund
  2518 | D:3      | Reached skill level 6 in Axes
  2518 | D:3      | Reached XP level 7. HP: 6/43 MP: 7/7
  2814 | D:4      | Reached skill level 1 in Dodging
  2814 | D:4      | Found a staircase to the Ecumenical Temple.
  2815 | D:4      | 2815 ||| PLANNING TEMPLE
  2824 | Temple   | Entered the Ecumenical Temple
  2875 | Temple   | 2875 ||| PLANNING OKAWARU WORSHIP
  2975 | Temple   | Became a worshipper of Warmaster Okawaru
  2975 | Temple   | 2975 ||| PLANNING D:1-11
  3055 | D:4      | 3055 ||| READING scroll of enchant armour.
  3055 | D:4      | 3055 ||| ENCHANTING +0 cloak.
  3217 | D:4      | Found Joomituo's Antique Armour Boutique.
  3225 | D:4      | 3225 ||| SHOPLISTING blackened buckler (237 gold, have
                  | 171).
  3310 | D:5      | Entered Level 5 of the Dungeon
  3336 | D:5      | Identified the +3 plate armour "Tefonnuck" {rPois rC+
                  | Str+3}
  3405 | D:5      | 3405 ||| READING scroll of enchant weapon.
  3405 | D:5      | 3405 ||| ENCHANTING +1 war axe.
  3432 | D:5      | Reached skill level 7 in Axes
  3464 | D:5      | Found a shimmering altar of Xom.
  3667 | D:5      | Reached * piety under Okawaru
  3826 | D:5      | Reached skill level 1 in Invocations
  3836 | D:5      | 3836 ||| UPGRADING to +3 plate armour "Tefonnuck" {rPois
                  | rC+ Str+3}.
  3846 | D:5      | 3846 ||| UPGRADING to +0 helmet.
  3851 | D:5      | 3851 ||| DROPPING +0 chain mail.
  3876 | D:6      | Reached XP level 8. HP: 49/49 MP: 7/9
  3990 | D:6      | 3990 ||| INVOKING Heroism.
  4012 | D:6      | 4012 ||| Stepping ~*~*~tactically~*~*~ (stealth).
  4013 | D:6      | 4013 ||| Stepping ~*~*~tactically~*~*~ (stealth).
  4020 | D:6      | Reached skill level 1 in Throwing
  4029 | D:6      | 4029 ||| Stepping ~*~*~tactically~*~*~ (stealth).
  4048 | D:6      | Reached skill level 3 in Invocations
  4054 | D:6      | Found a basalt altar of Yredelemnul.
  4206 | D:6      | 4206 ||| Stepping ~*~*~tactically~*~*~ (hiding).
  4218 | D:6      | 4218 ||| Stepping ~*~*~tactically~*~*~ (hiding).
  4227 | D:6      | 4227 ||| Stepping ~*~*~tactically~*~*~ (stealth).
  4229 | D:6      | 4229 ||| Stepping ~*~*~tactically~*~*~ (stealth).
  4234 | D:6      | 4234 ||| Stepping ~*~*~tactically~*~*~ (stealth).
  4235 | D:6      | 4235 ||| Stepping ~*~*~tactically~*~*~ (stealth).
  4236 | D:6      | 4236 ||| Stepping ~*~*~tactically~*~*~ (stealth).
  4237 | D:6      | 4237 ||| INVOKING Heroism.
  4306 | D:6      | 4306 ||| READING scroll of enchant armour.
  4306 | D:6      | 4306 ||| ENCHANTING +0 helmet.
  4321 | D:6      | 4321 ||| INVOKING Heroism.
  4417 | D:6      | Found a blossoming altar of Fedhas.
  4430 | D:6      | 4430 ||| INVOKING Heroism.
  4439 | D:6      | HP: 11/49 [centaur/arrow (6)]
  4440 | D:6      | 4440 ||| DRINKING 2 potions of heal wounds.
  4448 | D:6      | 4448 ||| INVOKING Heroism.
  4815 | D:6      | Reached skill level 8 in Axes
  5050 | D:6      | Found a shadowy altar of Dithmenos.
  5050 | D:6      | Found a shimmering blue altar of Sif Muna.
  5092 | D:6      | 5092 ||| READING scroll labelled NIUTRE OPYRGHYKH.
  5128 | D:6      | 5128 ||| READING 2 scrolls labelled GAMUCE GEICADI.
  5129 | D:6      | 5129 ||| READING 2 scrolls labelled FEOGRYRONWE.
  5130 | D:6      | 5130 ||| READING scroll labelled JUUFIOHUTTO.
  5131 | D:6      | 5131 ||| READING scroll labelled ESOETHR PAJUL.
  5132 | D:6      | 5132 ||| DRINKING 2 inky potions.
  5133 | D:6      | 5133 ||| DROPPING potion of degeneration.
  5134 | D:6      | 5134 ||| DROPPING scroll of poison.
  5191 | D:7      | 5191 ||| INVOKING Heroism.
  5198 | D:7      | Reached XP level 9. HP: 54/55 MP: 9/12
  5314 | D:7      | Reached skill level 6 in Fighting
  5325 | D:7      | Noticed a troll
  5326 | D:7      | 5326 ||| INVOKING Heroism.
  5327 | D:7      | 5327 ||| Stepping ~*~*~tactically~*~*~ (stealth).
  5328 | D:7      | 5328 ||| Stepping ~*~*~tactically~*~*~ (stealth).
  5334 | D:7      | Killed a troll
  5461 | D:7      | Reached skill level 9 in Axes
  5594 | D:7      | 5594 ||| Stepping ~*~*~tactically~*~*~ (hiding).
  5702 | D:7      | 5702 ||| Stepping ~*~*~tactically~*~*~ (stealth).
  5704 | D:7      | 5704 ||| Stepping ~*~*~tactically~*~*~ (hiding).
  5705 | D:7      | 5705 ||| Stepping ~*~*~tactically~*~*~ (hiding).
  5708 | D:7      | 5708 ||| INVOKING Heroism.
  5728 | D:7      | 5728 ||| DROPPING +0 flail.
  5753 | D:7      | 5753 ||| INVOKING Heroism.
  5816 | D:7      | Reached skill level 6 in Armour
  6063 | D:7      | 6063 ||| Stepping ~*~*~tactically~*~*~ (hiding).
  6065 | D:7      | 6065 ||| Stepping ~*~*~tactically~*~*~ (hiding).
  6066 | D:7      | 6066 ||| Stepping ~*~*~tactically~*~*~ (hiding).
  6068 | D:7      | 6068 ||| Stepping ~*~*~tactically~*~*~ (hiding).
  6298 | D:7      | 6298 ||| DROPPING ring of magical power.
  6299 | D:7      | 6299 ||| READING 2 scrolls of identify.
  6299 | D:7      | 6299 ||| IDENTIFYING white potion
  6326 | D:8      | 6326 ||| STAIRDANCE
  6335 | D:7      | Reached ** piety under Okawaru
  6364 | D:8      | 6364 ||| STAIRDANCE
  6469 | D:8      | Noticed Joseph
  6474 | D:8      | 6474 ||| INVOKING Heroism.
  6481 | D:8      | HP: 13/57 [Joseph/+1 quarterstaff of pain (6)]
  6482 | D:8      | 6482 ||| DRINKING potion of heal wounds.
  6489 | D:8      | Killed Joseph
  6490 | D:8      | Reached skill level 10 in Axes
  6490 | D:8      | Reached XP level 10. HP: 42/63 MP: 11/13
  6679 | D:8      | Identified the ring of Ogicehi {Ice rPois Int+3}
  6757 | D:8      | 6757 ||| READING scroll of enchant armour.
  6757 | D:8      | 6757 ||| ENCHANTING +1 helmet.
  6827 | D:8      | Found a bloodstained altar of Trog.
  6827 | D:8      | Noticed Prince Ribbit
  6836 | D:8      | Killed Prince Ribbit
  6908 | D:8      | Found a stormy altar of Qazlal.
  6944 | D:8      | Found an ancient bone altar of Kikubaaqudgha.
  7010 | D:8      | Noticed a +0 hand axe
  7016 | D:8      | 7016 ||| DROPPING +1 heavy flail.
  7017 | D:8      | Noticed a +0 dagger
  7021 | D:8      | Found a hide-covered altar of Uskayaw.
  7022 | D:8      | 7022 ||| UPGRADING to +2 pair of gloves.
  7032 | D:8      | 7032 ||| INVOKING Heroism.
  7103 | D:8      | Noticed a two-headed ogre
  7104 | D:8      | 7104 ||| INVOKING Heroism.
  7110 | D:8      | Killed a two-headed ogre
  7301 | D:8      | 7301 ||| READING scroll labelled CEVVOE DEACAUM.
  7302 | D:8      | 7302 ||| READING scroll labelled YCSU WYMODGH.
  7302 | D:8      | Identified a scroll of acquirement
  7302 | D:8      | 7302 ||| ACQUIRING +3 pair of mountain boots {steadfast,
                  | rC+}
  7302 | D:8      | Acquired the +3 pair of mountain boots {steadfast, rC+}
  7302 | D:8      | Found the +3 pair of mountain boots {steadfast, rC+}
  7304 | D:8      | 7304 ||| UPGRADING to +3 pair of mountain boots {steadfast,
                  | rC+}.
  7314 | D:8      | 7314 ||| DROPPING +2 pair of boots.
  7315 | D:8      | 7315 ||| READING scroll labelled PELACI DOGA.
  7316 | D:8      | 7316 ||| DRINKING 2 fuming blue potions.
  7317 | D:8      | 7317 ||| READING 4 scrolls of identify.
  7317 | D:8      | 7317 ||| IDENTIFYING bubbling cyan potion
  7318 | D:8      | 7318 ||| READING 3 scrolls of identify.
  7318 | D:8      | 7318 ||| IDENTIFYING viscous golden potion
  7319 | D:8      | 7319 ||| READING 2 scrolls of identify.
  7319 | D:8      | 7319 ||| IDENTIFYING sapphire potion
  7320 | D:8      | 7320 ||| DROPPING potion of flight.
  7343 | D:9      | 7343 ||| STAIRDANCE
  7349 | D:8      | 7349 ||| INVOKING Heroism.
  7472 | D:9      | 7472 ||| Stepping ~*~*~tactically~*~*~ (stealth).
  7516 | D:9      | Reached *** piety under Okawaru
  7584 | D:9      | Found a staircase to the Lair.
  7598 | D:9      | Reached **** piety under Okawaru
  7599 | D:9      | Reached XP level 11. HP: 66/69 MP: 14/14
  7605 | D:9      | Reached skill level 11 in Axes
  7659 | D:9      | Reached skill level 9 in Fighting
  7748 | D:9      | 7748 ||| Stepping ~*~*~tactically~*~*~ (stealth).
  7763 | D:9      | Reached ***** piety under Okawaru
  7777 | D:9      | Reached skill level 6 in Invocations
  7823 | D:9      | Found a glowing silver altar of Zin.
  7823 | D:9      | Noticed an angel
  7865 | D:9      | 7865 ||| INVOKING Heroism.
  7874 | D:9      | Reached skill level 9 in Armour
  7875 | D:9      | 7875 ||| Stepping ~*~*~tactically~*~*~ (stealth).
  7877 | D:9      | 7877 ||| Stepping ~*~*~tactically~*~*~ (stealth).
  7885 | D:9      | 7885 ||| INVOKING Heroism.
  7947 | D:9      | 7947 ||| Stepping ~*~*~tactically~*~*~ (stealth).
  7955 | D:9      | 7955 ||| FLEEEEING.
  7956 | D:9      | 7956 ||| FLEEEEING.
  7957 | D:9      | 7957 ||| FLEEEEING.
  7958 | D:9      | 7958 ||| FLEEEEING.
  7959 | D:9      | 7959 ||| FLEEEEING.
  7960 | D:9      | 7960 ||| FLEEEEING.
  7961 | D:9      | 7961 ||| FLEEEEING.
  7962 | D:9      | 7962 ||| FLEEEEING.
  7963 | D:9      | 7963 ||| FLEEEEING.
  7964 | D:9      | 7964 ||| FLEEEEING.
  7965 | D:9      | 7965 ||| FLEEEEING.
  7966 | D:9      | 7966 ||| FLEEEEING.
  7967 | D:9      | 7967 ||| FLEEEEING.
  7968 | D:9      | 7968 ||| FLEEEEING.
  7969 | D:9      | 7969 ||| FLEEEEING.
  7970 | D:9      | 7970 ||| FLEEEEING.
  8076 | D:9      | Found a staircase to the Orcish Mines.
  8154 | D:9      | 8154 ||| INVOKING Heroism.
  8204 | D:9      | Noticed a manticore
  8204 | D:9      | Noticed a deep elf archer
  8205 | D:9      | 8205 ||| Stepping ~*~*~tactically~*~*~ (hiding).
  8208 | D:9      | 8208 ||| INVOKING Heroism.
  8213 | D:9      | Killed a manticore
  8213 | D:9      | Received a gift from Okawaru
  8217 | D:9      | 8217 ||| Stepping ~*~*~tactically~*~*~ (hiding).
  8241 | D:9      | 8241 ||| INVOKING Heroism.
  8242 | D:9      | Killed a deep elf archer
  8423 | D:9      | 8423 ||| Stepping ~*~*~tactically~*~*~ (stealth).
  8559 | D:9      | 8559 ||| INVOKING Heroism.
  8638 | D:9      | Noticed an entropy weaver
  8638 | D:9      | Noticed a boulder beetle
  8638 | D:9      | Noticed a centaur warrior
  8639 | D:9      | 8639 ||| Stepping ~*~*~tactically~*~*~ (hiding).
  8642 | D:9      | 8642 ||| INVOKING Finesse.
  8645 | D:9      | 8645 ||| INVOKING Heroism.
  8647 | D:9      | an entropy weaver changed into a hog
  8657 | D:9      | Killed a centaur warrior
  8679 | D:9      | HP: 13/71 [boulder beetle (10)]
  8682 | D:9      | Killed a boulder beetle
  8683 | D:9      | Reached XP level 12. HP: 15/76 MP: 12/18
  8926 | D:9      | 8926 ||| Stepping ~*~*~tactically~*~*~ (hiding).
  8943 | D:9      | 8943 ||| Stepping ~*~*~tactically~*~*~ (hiding).
  8945 | D:9      | Noticed a death knight
  8945 | D:9      | Noticed a five-headed hydra
  8946 | D:9      | 8946 ||| INVOKING Heroism.
  8954 | D:9      | 8954 ||| SWAPPING to +0 demon whip.
  8961 | D:9      | HP: 16/76 [mirror damage (10)]
  8963 | D:9      | HP: 3/76 [five-headed hydra (5)]
  8964 | D:9      | Slain by a death knight

Levels and vault maps discovered:
D:1:      scummos_arrival_star, layout_loops_ring
D:2:      layout_basic, minmay_misc_feat_tiny
D:3:      layout_rooms, slow_altar_2, grunt_gozag_statues,
          minmay_misc_feat_columns
D:4:      layout_gridville, minmay_temple_entry_glass, serial_shops,
          nicolae_shop_dealshenge, uniq_edmund
D:5:      layout_gridville, dk_xom_monty_hall, minmay_curled_crystal
D:6:      layout_loops_corners, nicolae_yredelemnul_corpse_copse,
          fedhas_bush_and_centaur_altar, gammafunk_temple_overflow_pools,
          roderic_lattice_a
D:7:      layout_layer_cave
D:8:      layout_loops_ring, dancing_weapons_uskayaw, lightli_temple_of_fire,
          nicolae_qazlal_style_of_elements, lemuel_doored_altar, eino_jars,
          uniq_prince_ribbit1, uniq_joseph
D:9:      layout_basic, zin_angel, hellmonk_lair_entry_icy, zombieorc2_lemuel,
          nicolae_rejected_hall
Temple:   hellmonk_temple_flake

Skill      XL: |  1  2  3  4  5  6  7  8  9 10 11 |
---------------+----------------------------------+-----
Axes           | 2 3 4 5 6 7 8 10 11 | 11.9
Fighting       | 4 5 7 8 9 |  9.0
Dodging        | 1 2 |  2.0
Invocations    | 1 4 8 |  8.9
Armour         | 5 6 8 9 |  9.0
Throwing       | 1 |  1.1
Shields        | 4 5 |  5.1

Action                     |  1- 3 |  4- 6 |  7- 9 | 10-12 || total
---------------------------+-------+-------+-------+-------++-------
  Melee: War axe           |    73 |   158 |   301 |   417 ||   949
         Demon whip        |       |       |       |    10 ||    10
  Throw: Boomerang         |       |    20 |    48 |    58 ||   126
 Invoke: Heroism           |       |       |    10 |    11 ||    21
         Finesse           |       |       |       |     1 ||     1
    Use: Scroll            |     2 |     6 |     9 |     7 ||    24
         Potion            |       |     2 |     3 |     1 ||     6
 Armour: Scale mail        |    27 |    29 |       |       ||    56
         Chain mail        |       |    87 |    33 |       ||   120
         Plate armour      |       |       |   227 |   316 ||   543
  Dodge: Dodged            |    19 |    64 |   131 |   155 ||   369
  Block: Buckler           |     9 |    32 |    72 |    85 ||   198

Table legend:
 A = Non-vault XP
 B = Vault XP
 C = Vault XP percentage of total XP
 D = Non-vault monster count
 E = Vault monster count
 F = Vault count percentage of total count
                 A         B        C        D         E       F
            +---------+---------+-------+---------+---------+-------
      Total |   10546 |    8859 |  45.7 |     198 |      83 |  29.5
            +---------+---------+-------+---------+---------+-------
        D:1 |      43 |       0 |   0.0 |      23 |       0 |   0.0
        D:2 |     222 |       0 |   0.0 |      29 |       0 |   0.0
        D:3 |     203 |     197 |  49.2 |      26 |       2 |   7.1
        D:4 |     211 |       0 |   0.0 |      12 |       0 |   0.0
        D:5 |     260 |      47 |  15.3 |       9 |       2 |  18.2
        D:6 |     727 |     367 |  33.5 |      24 |       8 |  25.0
        D:7 |    2155 |       0 |   0.0 |      28 |       0 |   0.0
        D:8 |    1458 |    1121 |  43.5 |      13 |       9 |  40.9
        D:9 |    5267 |    7127 |  57.5 |      34 |      62 |  64.6
            +---------+---------+-------+---------+---------+-------
